 Dungeon Crawl Stone Soup version 0.31-a0-355-g57cb03d3e8 (webtiles) character file.

Game seed: 10195662733632874785

777 mdonais the Trooper (level 7, 0/52 HPs)
             Began as an Octopode Shapeshifter on July 25, 2023.
             Killed from afar by a steam dragon (23 damage)
             ... with a ball of steam
             ... on level 5 of the Dungeon.
             The game lasted 00:10:56 (3932 turns).

mdonais the Trooper (Octopode Shapeshifter)         Turns: 3932, Time: 00:10:56

Health: 0/52       AC:  1    Str: 15    XL:     7   Next: 84%
Magic:  7/7        EV: 13    Int: 10    God:
Gold:   191        SH:  0    Dex: 14    Spells: 5/6 levels left

rFire   . .          .
                       - Unarmed
rCold   . . .        (no shield)
rNeg    . . .        (helmet currently unavailable)
rPois   .            (no amulet)
rElec   .            d - ring of willpower
rCorr   .            (no ring)
SInv    .            (no ring)
Will    +....        (no ring)
Stlth   +++          (no ring)
HPRegen 0.28/turn    (no ring)
MPRegen 0.10/turn    (no ring)
                     (no ring)

%: no passive effects
@: beast-form
A: beast (slay +2), almost no armour, amphibious, 8 rings, camouflage 1,
gelatinous body 1, (nimble swimmer 1), tentacles
a: Begin Untransformation


You were on level 5 of the Dungeon.
You were a hulking beast.
You visited 1 branch of the dungeon, and saw 5 of its levels.

You collected 191 gold pieces.

Inventory:

Hand Weapons
 a - the +6 morningstar "Xenlahoy" {heavy, rPois Int+4}
   (You found it on level 4 of the Dungeon)

   Int:       It affects your intelligence (+4).
   rPois:     It protects you from poison.
 o - a +0 dagger of speed
   (You took it off a goblin on level 3 of the Dungeon)
Missiles
 t - 3 boomerangs
 Z - a throwing net {=!f}
Jewellery
 d - a ring of willpower (left tentacle)
   (You found it on level 1 of the Dungeon)
Talismans
 b - a beast talisman
Wands
 h - a wand of roots (1) (quivered)
   (You found it on level 2 of the Dungeon)
 V - a wand of flame (13)
   (You found it on level 5 of the Dungeon)
Scrolls
 c - a scroll of immolation
 f - a scroll of fog
 i - 2 scrolls of noise
 j - a scroll of silence
 l - 3 scrolls of revelation
 n - 2 scrolls of blinking {unknown}
 R - a scroll of identify
 T - 3 scrolls of teleportation
Potions
 e - 3 potions of brilliance {unknown}
 g - a potion of magic {unknown}
 m - 2 potions of haste {unknown}
 Q - 5 potions of curing


   Skills:
 - Level 6.0 Fighting
 - Level 2.0 Dodging
 - Level 3.6 Stealth
 + Level 5.8 Unarmed Combat
 + Level 1.5 Evocations
 - Level 3.0 Shapeshifting


You had 5 spell levels left.
You knew the following spells:

 Your Spells              Type           Power      Damage    Failure   Level
a - Necrotise             Necr           0%         1d4       36%         1

Your spell library contained the following spells:

 Spells                   Type           Power      Damage    Failure   Level
 Summon Small Mammal      Summ           0%         N/A       36%         1
 Call Canine Familiar     Summ           0%         N/A       75%         3
 Frozen Ramparts          Ice            0%         1d1       75%         3
 Summon Guardian Golem    Hex/Summ       0%         N/A       75%         3
 Vampiric Draining        Necr           0%         2d6       75%         3
 Petrify                  Tmut/Erth      0%         N/A       98%         4
 Agony                    Necr           0%         N/A       100%        5
 Metabolic Englaciation   Hex/Ice        0%         N/A       100%        5


Dungeon Overview and Level Annotations

Branches:
Dungeon (5/15) Zot: 26080  Temple (0/1) D:5

Altars:

Annotations:
D:1 dig for loots
D:3 1 runed translucent door, dcgrp's ghost, amateur TrSh


Innate Abilities, Weirdness & Mutations

You are a hulking beast.
Your limbs bulge with bestial killing power. (Slay +2)
You cannot wear most types of armour.
You are amphibious.
You can wear up to eight rings at the same time.
Your skin changes colour to match your surroundings (Stealth+).
Your rubbery body absorbs attacks. (AC +1, EV +1)
((You are camouflaged when in or above water. (Stealth+)))
You have tentacles for arms and can constrict up to eight enemies at once.


Message History

Your Evocations skill increases to level 1!
You closely miss the orc. You grab the orc. You constrict the orc.
The orc throws a boomerang.
The boomerang closely misses you.
An orc comes into view. It is wielding a +0 falchion.
The orc barely misses you.
You tentacle-slap the orc.
You kill the orc!
You tentacle-slap the orc. Your grab misses the orc.
The orc is almost dead.
The orc closely misses you.
You tentacle-slap the orc.
You kill the orc!
The orc throws a boomerang.
The boomerang hits you.
You take 4 damage, and have 42/52 hp.
The orc throws a boomerang.
The boomerang barely misses you.
A gnoll comes into view. It is wielding a +0 spear.
Health restored: 52 A gnoll comes into view.
It is wielding a +0 whip.
A gnoll comes into view. It is wielding a +0 halberd.
The gnoll moves out of view.
The gnoll shouts!
You tentacle-slap the gnoll. You grab the gnoll.
The gnoll is moderately wounded.
You constrict the gnoll.
You hear a shout!
The gnoll closely misses you.
You bludgeon the gnoll!
You kill the gnoll!
A gnoll is nearby!
Aiming: Throw Flame
Press: ? - help, Shift-Dir - straight line, f - gnoll
Aim: a gnoll, wielding a +0 whip (72% to hit)
The puff of flame hits the gnoll!
The gnoll is severely wounded.
The gnoll hits you with a +0 halberd!
You take 9 damage, and have 43/52 hp.
You bludgeon the gnoll!
You kill the gnoll!
The gnoll hits you with a +0 whip.
You take 6 damage, and have 37/52 hp.
You bludgeon the gnoll! Your grab misses the gnoll.
The gnoll is severely wounded.
The gnoll barely misses you.
You closely miss the gnoll. You grab the gnoll.
The gnoll is severely wounded.
You constrict the gnoll, but do no damage.
The gnoll hits you with a +0 whip.
You take 4 damage, and have 33/52 hp.
You tentacle-slap the gnoll. You squeeze the gnoll.
You kill the gnoll!
You see here a +0 whip.
Things that are here:
a +0 halberd; a gnoll corpse An orc is nearby!
An orc is nearby!
Things that are here:
a +0 halberd; a gnoll corpse The orc shouts!
You bludgeon the orc!
You kill the orc!
No target in view!
t - 2 boomerangs
Things that are here:
a +0 falchion; an orc corpse
Things that are here:
a +0 spear; a gnoll corpse
t - 3 boomerangs (gained 1)
Items here: )) [ ††.
A steam dragon comes into view.
The steam dragon hisses angrily.
Health restored: 52
Aiming: Fastroot
Press: ? - help, Shift-Dir - straight line, f - steam dragon
Aim: a steam dragon The roots erupt in riotous growth!
Roots grab the steam dragon.
The grasping roots constrict the steam dragon!
You hear a shout!
The steam dragon struggles to escape constriction.
An orc comes into view. It is wielding a +1 dagger of venom.
The grasping roots constrict the steam dragon!
The steam dragon struggles to escape constriction.
The orc moves out of view.
The grasping roots constrict the steam dragon.
The roots release their grip on the steam dragon.
The steam dragon breathes steam at you. The ball of steam hits you!
The orc shouts!
You take 14 damage, and have 38/52 hp.
MASSIVE DAMAGE!!
Found a scroll of identify and a beast talisman.
Found a staircase to the Ecumenical Temple.
The orc hits you with a +1 dagger of venom.
You take 1 damage, and have 37/52 hp.
The orc hits you with a +1 dagger of venom.
You are poisoned.
You take 3 damage, and have 34/52 hp.
You tentacle-slap the orc. Your grab misses the orc.
The orc is heavily wounded.
You feel sick. The orc completely misses you.
You take 2 damage, and have 32/52 hp.
You tentacle-slap the orc. Your grab misses the orc.
The orc is almost dead.
You feel sick.
The orc hits you with a +1 dagger of venom.
You are more poisoned.
You take 3 damage, and have 29/52 hp.
You tentacle-slap the orc.
You kill the orc!
You feel very sick.
You take 2 damage, and have 27/52 hp.
You feel sick. The steam dragon breathes steam at you.
The ball of steam misses you.
You take 2 damage, and have 25/52 hp.
You are engulfed in a cloud of scalding steam.
You feel sick.
You take 4 damage, and have 21/52 hp.
You feel sick.
You take 1 damage, and have 20/52 hp.
You feel sick.
You feel sick.
You take 1 damage, and have 19/52 hp.
You feel sick.
You take 1 damage, and have 18/52 hp.
You feel sick.
You feel sick.
You are no longer poisoned.
You take 1 damage, and have 17/52 hp.
Items here: )) [ ††.
Aiming: Fastroot
Press: ? - help, Shift-Dir - straight line, f/p - steam dragon
Aim: a steam dragon (severely wounded)
The roots erupt in riotous growth!
Roots grab the steam dragon.
The grasping roots constrict the steam dragon.
The steam dragon struggles to escape constriction.
The grasping roots constrict the steam dragon, but do no damage.
The steam dragon escapes!
Aiming: Throw Flame
Press: ? - help, Shift-Dir - straight line, f/p - steam dragon
Aim: a steam dragon (severely wounded, 71% to hit)
The puff of flame misses the steam dragon.
Aiming: Throw Flame
Press: ? - help, Shift-Dir - straight line, f/p - steam dragon
Aim: a steam dragon (severely wounded, 71% to hit)
The puff of flame hits the steam dragon.
The steam dragon is almost dead.
The steam dragon breathes steam at you. The ball of steam hits you!!
You die...

###############*
#......<.......***
#....#########.,,****
**#.##.h### ***,,,,*
*...*##.§)# ******
#.#**
###§##############
*****#+**
#.....##########
*,,,*,,,*
#.....##########
*8,,,,,,*
#.....##########
*****,,,*,8,*
##...D.#########
,,,,**,******
#####.###...##.
***,*,,,*,,,*
##..#.......


There were no monsters in sight!

Vanquished Creatures
  A black bear (D:3)
  2 ogres (D:4)
  2 phantoms (D:4)
  2 jellies
  An orc priest (D:3)
  An iguana (D:5)
  Natasha (D:4)
  A sleepcap (D:4)
  An orc wizard (D:5)
  3 gnolls (D:5)
  4 adders
  A worm (D:2)
  2 dart slugs (D:1)
  10 orcs
  8 bats
  7 endoplasms
  4 giant cockroaches
  11 goblins
  3 hobgoblins
  6 jackals
  8 kobolds
  4 quokkas
  8 ball pythons
  3 frilled lizards (D:2)
  4 rats
98 creatures vanquished.

Notes
Turn   | Place    | Note
-------+----------+-------------------------------------------
     0 | D:1      | mdonais the Octopode Shapeshifter began the quest for the
                  | Orb.
     0 | D:1      | Reached XP level 1. HP: 13/13 MP: 1/1
    54 | D:1      | Reached skill level 1 in Stealth
   115 | D:1      | Reached XP level 2. HP: 16/18 MP: 2/2
   648 | D:2      | Reached XP level 3. HP: 21/23 MP: 3/3
   665 | D:2      | Learned a level 1 spell: Necrotise
  1194 | D:3      | Noticed a black bear
  1261 | D:3      | Reached skill level 2 in Fighting
  1363 | D:3      | Found a runed translucent door.
  1368 | D:3      | Noticed dcgrp's ghost (amateur TrSh)
  1441 | D:3      | Reached XP level 4. HP: 29/29 MP: 4/4
  1581 | D:3      | Reached skill level 3 in Fighting
  1581 | D:3      | Reached XP level 5. HP: 16/36 MP: 5/5
  2198 | D:3      | Killed a black bear
  2199 | D:3      | Reached skill level 4 in Fighting
  2199 | D:3      | Reached XP level 6. HP: 43/43 MP: 6/6
  2606 | D:4      | Identified the +6 morningstar "Xenlahoy" {heavy, rPois
                  | Int+4}
  2837 | D:4      | Reached skill level 5 in Fighting
  2837 | D:4      | Reached XP level 7. HP: 27/50 MP: 7/7
  3107 | D:4      | Noticed Natasha
  3159 | D:4      | Reached skill level 5 in Unarmed Combat
  3402 | D:4      | Killed Natasha
  3403 | D:4      | Reached skill level 6 in Fighting
  3555 | D:5      | Entered Level 5 of the Dungeon
  3714 | D:5      | Reached skill level 1 in Evocations
  3894 | D:5      | Noticed a steam dragon
  3898 | D:5      | Found a staircase to the Ecumenical Temple.
  3932 | D:5      | Killed from afar by a steam dragon

Illustrated notes

Levels and vault maps discovered:
D:1:      amcnicky_arrival_underground_garden, layout_loops_ring,
          kennysheep_crisscross, due_unseen_surprise
D:2:      layout_basic
D:3:      kb_forest_paths, layout_basic, ebering_ghost_reflecting_pool
D:4:      layout_basic, grunt_decor_resistance, serial_bayou_pond_e,
          hangedman_abyss_or_decor_jellyfish_corner, roderic_serpentine_path,
          uniq_natasha
D:5:      layout_rooms, nicolae_wu_jian_immortal_techniques,
          minmay_temple_entry_purple_smoke, uniq_blork_the_orc

Skill      XL: |  1  2  3  4  5  6  7 |
---------------+----------------------+-----
Stealth        | 2 3 |  3.6
Fighting       | 2 3 4 5 6 |  6.0
Unarmed Combat | 4 5 |  5.8
Evocations     | 1 |  1.5
Dodging        | |  2.0
Shapeshifting  | |  3.0

Action                     |  1- 3 |  4- 6 |  7- 9 || total
---------------------------+-------+-------+-------++-------
  Melee: Unarmed           |    78 |    82 |    41 ||   201
         Constrict         |    18 |    16 |    11 ||    45
         Tentacles         |     7 |    20 |    12 ||    39
         Punch             |     1 |     2 |       ||     3
   Cast: Necrotise         |     1 |     1 |       ||     2
  Evoke: Wand              |       |       |    11 ||    11
    Use: Scroll            |       |     4 |     2 ||     6
         Potion            |       |     2 |       ||     2
   Stab: Sleeping          |     9 |     5 |     1 ||    15
 Armour: Skin              |     4 |    12 |     1 ||    17
  Dodge: Dodged            |    42 |    43 |    20 ||   105

Table legend: (Time is in decaauts)
 A = Elapsed time spent in this place.
 B = Non-inter-level travel time spent in this place.
 C = Inter-level travel time spent in this place.
 D = Time resting spent in this place.
 E = Time spent auto-exploring this place.
 F = Levels seen in this place.
 G = Mean time per level.
                   A        B        C        D        E       F      G
               +--------+--------+--------+--------+--------+-----+--------+
         Total |   3919 |   3774 |    145 |    337 |   2569 |   5 |  783.8 |
       Dungeon |   3919 |   3774 |    145 |    337 |   2569 |   5 |  783.8 |
               +--------+--------+--------+--------+--------+-----+--------+

Top non-repeatable levels by time:
     D:3: 1264 daAuts
     D:4: 1066 daAuts
     D:1: 649 daAuts
     D:2: 563 daAuts
     D:5: 374 daAuts
